 Dungeon Crawl Stone Soup version 0.17.0-15-g6d90897 (webtiles) character file.

6407 xeno23 the Zephyrmancer (level 10, 0/63 HPs)
             Began as a Tengu Air Elementalist on Nov 10, 2015.
             Was a Believer of Vehumet.
             Slain by a minotaur
             ... wielding a +5 rod of inaccuracy (3/11)
              (16 damage)
             ... in a labyrinth.
             The game lasted 01:02:22 (9196 turns).

xeno23 the Zephyrmancer (Tengu Air Elementalist)    Turns: 9196, Time: 01:02:27

Health: 0/63       AC:  5    Str:  9    XL:     10   Next: 98%
Magic:  21/21      EV: 21    Int: 18    God:    Vehumet [**....]
Gold:   594        SH:  0    Dex: 15    Spells: 5 memorised, 10 levels left

rFire  . . .     SeeInvis .     P - +0 blowgun
rCold  . . .     Clarity  .     a - +0 robe
rNeg   . . .     SustAt   .     (no shield)
rPois  .         Gourm    .     (helmet restricted)
rElec  .         Spirit   .     (no cloak)
rCorr  .         Warding  .     E - +2 pair of gloves
rMut   .         Rnd*Tele +     (boots unavailable)
MR     +....                    (no amulet)
Stlth  ++........               S - ring of teleportation
                                Y - ring of protection from magic

@: about to teleport, flying quickly and evasively, repel missiles, quick,
somewhat resistant to hostile enchantments, unstealthy
A: beak, talons 3, able to fly 1
a: Renounce Religion, Evoke Teleportation


You were in a labyrinth.
You worshipped Vehumet.
Vehumet was pleased with you.
You were very hungry.

You visited 3 branches of the dungeon, and saw 15 of its levels.
You also visited: Labyrinth.

You collected 594 gold pieces.

Inventory:

Hand Weapons
 D - the +5 short sword "Zoelur" {freeze, rElec Str+5}
   (You found it on level 4 of the Dungeon)

   It has been specially enchanted to freeze those struck by it, causing extra
   injury to most foes and up to half again as much damage against particularly
   susceptible opponents.
   It can also slow down cold-blooded creatures.
   It affects your strength (+5).
   It insulates you from electricity.
 P - a +0 blowgun (weapon)
Missiles
 e - 112 poisoned needles (quivered)
 j - a needle of confusion
Armour
 a - a +0 robe (worn)
 y - a +0 buckler
 E - a +2 pair of gloves (worn)
Jewellery
 K - an uncursed ring of protection from fire
 S - a ring of teleportation (right hand)
 Y - a ring of protection from magic (left hand)
Wands
 x - a wand of fire (12)
 A - a wand of disintegration (7)
 M - a wand of digging (9)
 Q - a wand of cold (5)
Scrolls
 f - a scroll of identify
 g - 2 scrolls of fog
 k - a scroll of teleportation
 n - 2 scrolls of remove curse
 p - a scroll of immolation {unknown}
 q - 2 scrolls of recharging
 r - 3 scrolls of enchant weapon
 s - a scroll of magic mapping
 t - 3 scrolls of fear
 w - a scroll of blinking {unknown}
 G - a scroll of brand weapon {unknown}
 L - a scroll of enchant armour {unknown}
 N - a scroll of summoning
 U - a scroll of silence {unknown}
Potions
 d - a potion of magic
 l - a potion of brilliance
 o - 2 potions of might
 u - 3 potions of agility
 B - 2 potions of heal wounds
 C - 3 potions of curing
 F - 2 potions of haste
 J - 2 potions of lignification
Comestibles
 c - 7 bread rations
 h - 6 meat rations
 i - 26 fruits
 v - 5 slices of pizza
 Z - 5 chunks of flesh


   Skills:
 * Level 7.1 Fighting
 * Level 8.6 Dodging
 - Level 2.0 Stealth
 + Level 7.0 Spellcasting
 + Level 9.2 Conjurations
 + Level 10.2 Air Magic


You had 10 spell levels left.
You knew the following spells:

 Your Spells              Type           Power        Failure   Level  Hunger
a - Shock                 Conj/Air       ####         1%          1    None
b - Swiftness             Chrm/Air       ###.....     1%          2    None
q - Static Discharge      Conj/Air       #####...     1%          3    ##.....
r - Repel Missiles        Chrm/Air       ###...       1%          2    None
w - Lightning Bolt        Conj/Air       #####.....   6%          5    #####..


Dungeon Overview and Level Annotations

Branches:
Dungeon (11/15)            Temple (1/1) D:7            Lair (3/8) D:10
 Shoals (0/4) Lair:3       Spider (0/4) Lair:3
    Orc: D:9-12

Altars:
Ashenzari
Cheibriados
Dithmenos
Elyvilon
Fedhas
Gozag
Kikubaaqudgha
Makhleb
Nemelex Xobeh
Okawaru
Qazlal
Ru
Sif Muna
Trog
Vehumet
Xom
Yredelemnul
Zin
The Shining One

Annotations:
D:10 Nergalle
D:11 Grum


Innate Abilities, Weirdness & Mutations

You have a beak for a mouth.
You have claws for feet.
You can fly.


Message History

You feel a sudden draft!
Drink which item? (? for menu, Esc to quit)
You feel much better.
Read which item? (? for menu, Esc to quit)
As you read the scroll of teleportation, it crumbles to dust.
You feel strangely unstable.
The minotaur hits you with a rod of inaccuracy!!
The minotaur barely misses you.
You take 19 damage.
Some of the chunks of flesh in your inventory have rotted away.
Firing (i - inventory. (,) - cycle):
e - 113 poisoned needles (quivered)
Press: ? - help, Shift-Dir - straight line, f/p - minotaur
Aim: a minotaur, wielding a rod of inaccuracy (lightly wounded, poisoned)
You shoot a poisoned needle. The poisoned needle hits the minotaur!
The minotaur looks even sicker.
The minotaur is lightly wounded.
The minotaur hits you with a rod of inaccuracy!
* * * LOW HITPOINT WARNING * * *
The minotaur gores you!
You die...

.# # # ##### # #
#....( ..# # ##
#.# #### .# ... #
..#.#...#
#.#(#####.#.###.#
#.# (..... .#...#
#.# ##
#####.###.## ## .
.
.#@H......(....#
.#. #
#####.###.#####
... #.... # #.#
.# ### ## .#####
### ## # .# # . #


You could see a minotaur.

Vanquished Creatures
  The ghost of crauler the Poker, a novice TeWn of Kikubaaqudgha (D:7)
  A black mamba (Lair:1)
  A kobold demonologist (D:10)
  A komodo dragon (Lair:1)
  A two-headed ogre (D:9)
  The ghost of SKei0 the Poker, an amateur MfSk (D:3)
  4 yaks
  A deep elf mage (D:10)
  3 hippogriffs
  A hungry ghost (D:9)
  3 porcupines (Lair:1)
  2 wolves (D:10)
  2 orc warriors
  A sky beast (D:4)
  2 black bears
  An ice beast (D:8)
  4 ogres
  A centaur (D:6)
  A big kobold (D:9)
  2 giant frogs
  2 scorpions
  4 crimson imps
  10 wights
  2 quasits
  4 hounds
  A jelly (D:5)
  A wasp zombie (D:9)
  2 giant frog skeletons (D:5)
  2 giant frog zombies
  6 orc priests
  4 orc wizards
  4 iguanas
  4 worker ants
  A hound zombie (D:6)
  A worker ant zombie (D:7)
  4 gnolls (D:5)
  13 adders
  4 shadow imps
  2 adder skeletons
  An adder zombie (D:8)
  2 worms
  4 giant geckos
  38 orcs
  3 bats
  5 giant cockroaches
  8 hobgoblins
  12 kobolds
  5 quokkas
  3 giant newts
  8 goblins
  10 jackals
  A jackal zombie (D:6)
  A quokka skeleton (D:5)
  2 rats
208 creatures vanquished.

Vanquished Creatures (others)
  A scorpion (D:10)
  A worker ant (D:10)
  An orc wizard (D:6)
  A quokka (D:6)
  A plant (D:10)
5 creatures vanquished.

Grand Total: 213 creatures vanquished

Notes
Turn   | Place    | Note
--------------------------------------------------------------
     0 | D:1      | xeno23 the Tengu Air Elementalist began the quest for the Orb.
     0 | D:1      | Reached XP level 1. HP: 10/10 MP: 4/4
   170 | D:1      | Reached XP level 2. HP: 7/15 MP: 0/6
   711 | D:2      | Reached XP level 3. HP: 16/19 MP: 2/7
  1291 | D:3      | Reached XP level 4. HP: 24/24 MP: 4/9
  1395 | D:3      | Noticed SKei0's ghost (amateur MfSk)
  1407 | D:3      | Learned a level 3 spell: Static Discharge
  1507 | D:4      | Found a shattered altar of Ashenzari.
  1507 | D:4      | Found a basalt altar of Yredelemnul.
  1550 | D:4      | Reached skill level 5 in Air Magic
  1782 | D:4      | Gained mutation: You can fly. [Tengu growth]
  1782 | D:4      | Reached XP level 5. HP: 17/28 MP: 3/11
  1789 | D:4      | Learned a level 5 spell: Lightning Bolt
  1888 | D:4      | Got a transparent short sword
  1889 | D:4      | Identified the +5 short sword "Zoelur" {freeze, rElec Str+5} (You found it on level 4 of the Dungeon)
  1890 | D:4      | Upgraded the game from 0.17.0-9-g801d43b to 0.17.0-15-g6d90897
  1892 | D:4      | Noticed a sky beast
  1938 | D:5      | Entered Level 5 of the Dungeon
  1989 | D:5      | Learned a level 2 spell: Repel Missiles
  2092 | D:5      | Reached XP level 6. HP: 24/32 MP: 1/12
  2388 | D:5      | Found a sparkling altar of Nemelex Xobeh.
  2539 | D:5      | Reached skill level 6 in Air Magic
  2707 | D:4      | Noticed an ogre
  2716 | D:4      | Killed an ogre
  2716 | D:4      | Reached skill level 5 in Conjurations
  3039 | D:6      | Found a white marble altar of Elyvilon.
  3130 | D:6      | Reached XP level 7. HP: 25/36 MP: 1/14
  3315 | D:7      | Noticed crauler's ghost (novice TeWn)
  3382 | D:6      | Reached skill level 7 in Air Magic
  3432 | D:6      | Found an iron altar of Okawaru.
  3532 | D:6      | Found a stormy altar of Qazlal.
  3554 | D:6      | Reached skill level 5 in Spellcasting
  3843 | D:6      | Reached XP level 8. HP: 41/41 MP: 12/16
  4169 | D:5      | Reached skill level 1 in Fighting
  4206 | D:4      | Killed a sky beast
  4513 | D:3      | Reached skill level 8 in Air Magic
  5128 | D:3      | Killed SKei0's ghost
  5130 | D:3      | Found a faded altar to an unknown god.
  5468 | D:7      | Found a sparkling altar of Nemelex Xobeh.
  5468 | D:7      | Found a staircase to the Ecumenical Temple.
  5488 | Temple   | Entered the Ecumenical Temple
  5498 | Temple   | Became a worshipper of Vehumet
  5577 | D:7      | Killed crauler's ghost
  5577 | D:7      | Reached XP level 9. HP: 23/51 MP: 2/18
  5688 | D:7      | Found a blossoming altar of Fedhas.
  5703 | D:8      | Reached skill level 5 in Dodging
  6438 | D:8      | Reached skill level 9 in Air Magic
  6439 | D:8      | Reached * piety under Vehumet
  6439 | D:8      | Offered knowledge of Sandblast by Vehumet.
  6592 | D:7      | Reached skill level 5 in Fighting
  6970 | D:9      | Reached XP level 10. HP: 55/59 MP: 5/20
  7444 | D:9      | Reached ** piety under Vehumet
  7444 | D:9      | Offered knowledge of Magic Dart by Vehumet.
  7676 | D:10     | Entered Level 10 of the Dungeon
  7784 | D:10     | HP: 2/60 [something (10)]
  8246 | D:10     | Found a blossoming altar of Fedhas.
  8338 | D:10     | Noticed Nergalle
  8370 | D:11     | Noticed Grum
  8417 | D:10     | Found a staircase to the Lair.
  8454 | Lair:1   | Entered Level 1 of the Lair of Beasts
  8525 | Lair:1   | Noticed a black mamba
  8549 | Lair:1   | Reached skill level 10 in Air Magic
  8868 | Lair:1   | Killed a black mamba
  8919 | Lair:1   | Noticed a black mamba
  9031 | Lair:3   | Found a labyrinth entrance.
  9077 | Lair:3   | Learned a level 2 spell: Swiftness
  9081 | Lab      | Entered a labyrinth
  9142 | Lab      | Noticed a minotaur
  9196 | Lab      | Identified a +5 rod of inaccuracy (3/11)
  9196 | Lab      | Slain by a minotaur

Action                   |  1- 3 |  4- 6 |  7- 9 | 10-12 || total
-------------------------+-------+-------+-------+-------++-------
Melee: Unarmed           |    17 |       |       |       ||    17
       Spear             |    10 |     4 |       |       ||    14
       Short sword       |       |    34 |    73 |    33 ||   140
 Fire: Blowgun           |       |       |       |     8 ||     8
Throw: Tomahawk          |       |       |     2 |       ||     2
 Cast: Shock             |    68 |    47 |   162 |    94 ||   371
       Static Discharge  |       |    19 |    54 |    45 ||   118
       Repel Missiles    |       |     1 |       |       ||     1
       Lightning Bolt    |       |       |       |     3 ||     3
 Abil: Fly               |       |     2 |     3 |     4 ||     9
       Evoke Teleportati |       |       |       |     3 ||     3
Evoke: Wand              |       |       |     1 |       ||     1
  Use: Scroll            |       |     2 |    13 |    12 ||    27
       Potion            |       |       |       |     3 ||     3
 Stab: Sleeping          |       |     1 |     4 |     1 ||     6
  Eat: Chunk             |     1 |     7 |    13 |    10 ||    31
       Royal jelly       |       |       |     1 |       ||     1
       Beef jerky        |       |       |     1 |       ||     1
